 Dungeon Crawl Stone Soup version 0.28-a0-1152-g9c71ebef14 (webtiles) character file.

Game seed: 613391712021887389

37 SensoryNuts the Ducker (level 3, 0/26 HPs)
             Began as an Octopode Fighter on Dec 14, 2021.
             Slain by an adder (1 damage)
             ... on level 2 of the Dungeon.
             The game lasted 00:01:05 (1119 turns).

SensoryNuts the Ducker (Octopode Fighter)           Turns: 1119, Time: 00:01:06

Health: 0/26       AC:  1    Str: 17    XL:     3   Next: 39%
Magic:  3/3        EV: 13    Int: 10    God:
Gold:   67         SH:  4    Dex: 11    Spells: 2/2 levels left

rFire   . . .      SeeInvis +   a - +0 long sword
rCold   . . .      Faith    .   b - +0 buckler
rNeg    . . .      Spirit   .   (helmet restricted)
rPois   .          Reflect  .   (no amulet)
rElec   .          Harm     .   f - ring of see invisible
rCorr   .          Rampage  .   (no ring)
Will    .....                   (no ring)
Stlth   ++........              (no ring)
HPRegen 0.08/turn               (no ring)
MPRegen 0.08/turn               (no ring)
                                (no ring)
                                (no ring)

@: lethally poisoned (0 -> -6)
A: almost no armour, amphibious, 8 rings, camouflage 1, gelatinous body 1,
(nimble swimmer 1), tentacles
a: no special abilities


You were on level 2 of the Dungeon.
You visited 1 branch of the dungeon, and saw 2 of its levels.

You collected 67 gold pieces.

Inventory:

Hand Weapons
 a - a +0 long sword (weapon)
Armour
 b - a +0 buckler (worn)
 h - a +0 cloak
Jewellery
 f - a ring of see invisible (left tentacle)
Scrolls
 d - 2 scrolls of torment {unknown}
 g - a scroll of amnesia {unknown}
Potions
 c - a potion of might
 e - a potion of invisibility {unknown}


   Skills:
 + Level 3.3 Fighting
 + Level 2.4 Long Blades
 + Level 3.4 Dodging
 + Level 0.9 Stealth
 + Level 3.2 Shields


You had 2 spell levels left.
You didn't know any spells.
Your spell library was empty.

Dungeon Overview and Level Annotations

Branches:
Dungeon (2/15)

Altars:
Nemelex Xobeh

Annotations:
D:2 Sigmund


Innate Abilities, Weirdness & Mutations

You cannot wear most types of armour.
You are amphibious.
You can wear up to eight rings at the same time.
Your skin changes colour to match your surroundings (Stealth+).
Your rubbery body absorbs attacks. (AC +1, EV +1)
((You are camouflaged near water. (Stealth+)))
You have tentacles for arms and can constrict up to eight enemies at once.


Message History

Found 12 gold pieces.
A kobold is nearby!
A kobold is nearby!
The kobold shouts!
An adder comes into view.
The kobold hits you with a +0 short sword.
A goblin comes into view. It is wielding a +0 dagger.
The goblin shouts!
You slash the kobold!
You kill the kobold!
Sigmund the Dreaded comes into view.
He is wielding a +3 scythe of freezing and wearing a +1 robe of resistance.
You see here a +0 short sword.
An adder comes into view.
Okay, then.
The adder hisses angrily.
You hit the adder. Your grab misses the adder.
The adder is heavily wounded.
The adder barely misses you. You block the adder's attack. The adder bites you.
You are poisoned.
The adder poisons you! The adder misses you.
You miss the adder. Your grab misses the adder.
The adder is heavily wounded.
You feel sick. The adder closely misses you. The adder bites you. x2
You barely miss the adder. Your grab misses the adder.
Your squeeze misses the adder.
The adder is heavily wounded.
You feel sick. The adder closely misses you. The adder bites you.
The adder misses you.
You barely miss the adder. You grab the adder. You squeeze the adder!
You kill the adder!
You feel sick. The adder bites you.
* * * LOW HITPOINT WARNING * * *
You are lethally poisoned!
The adder poisons you! You block the adder's attack.
You slash the goblin!
You kill the goblin!
* * * LOW HITPOINT WARNING * * *
You feel very sick. The adder bites you.
You die...

#).# #.## #.#
#..
...####.######.
...
...............
...####.######.
#.# #####)##
#....@.#
#.###S..# ##..#
.$# ... .#..
##.## .#


You could see an adder.

Vanquished Creatures
  2 adders (D:2)
  A dart slug (D:1)
  A bat (D:1)
  2 giant cockroaches
  4 goblins
  A hobgoblin (D:2)
  2 quokkas (D:1)
  A frilled lizard (D:2)
  2 kobolds
  A rat (D:1)
17 creatures vanquished.

Notes
Turn   | Place    | Note
-------+----------+-------------------------------------------
     0 | D:1      | SensoryNuts the Octopode Fighter began the quest for the
                  | Orb.
     0 | D:1      | Reached XP level 1. HP: 16/16 MP: 1/1
   340 | D:1      | Reached XP level 2. HP: 17/21 MP: 2/2
   832 | D:2      | Found a sparkling altar of Nemelex Xobeh.
   939 | D:2      | Reached XP level 3. HP: 17/26 MP: 3/3
  1105 | D:2      | Noticed Sigmund
  1119 | D:2      | HP: 1/26 [poisoned by an adder]
  1119 | D:2      | Slain by an adder

Illustrated notes

Levels and vault maps discovered:
D:1:      zelgadis_glass_arrival_small, layout_basic
D:2:      layout_loops_cross, basic_altar, minmay_close_crescents, uniq_natasha,
          uniq_sigmund

Action                   || total
-------------------------++-------
Melee: Long sword        ||    34
       Constrict         ||     6
       Tentacles         ||     3
 Stab: Sleeping          ||     3
Armor: Skin              ||     2
Dodge: Dodged            ||    18
Block: Buckler           ||     8

Table legend: (Time is in decaauts)
 A = Elapsed time spent in this place.
 B = Non-inter-level travel time spent in this place.
 C = Inter-level travel time spent in this place.
 D = Time resting spent in this place.
 E = Time spent auto-exploring this place.
 F = Levels seen in this place.
 G = Mean time per level.
                   A        B        C        D        E       F      G
               +--------+--------+--------+--------+--------+-----+--------+
         Total |   1128 |   1047 |     81 |      0 |    887 |   2 |  564.0 |
       Dungeon |   1128 |   1047 |     81 |      0 |    887 |   2 |  564.0 |
               +--------+--------+--------+--------+--------+-----+--------+

Top non-repeatable levels by time:
     D:1: 828 daAuts
     D:2: 300 daAuts
